 Dungeon Crawl Stone Soup version 0.20-a0-16-g0876c8e (webtiles) character file.

1561 KristoblXynda the Covered (level 8, -10/62 HPs)
             Began as a Minotaur Skald on Nov 3, 2016.
             Was a Follower of Ashenzari.
             Killed by divine providence
             ... invoked by an orc priest
              (15 damage)
             ... on level 6 of the Dungeon.
             The game lasted 00:10:24 (4311 turns).

KristoblXynda the Covered (Minotaur Skald)          Turns: 4311, Time: 00:10:25

Health: -10/62     AC: 11    Str: 17    XL:     8   Next: 58%
Magic:  9/9        EV: 11    Int: 11    God:    Ashenzari [*.....]
Gold:   236        SH:  0    Dex: 10    Spells: 1 memorised, 6 levels left

rFire  . . .     SeeInvis .     s - +3 quarterstaff (chaos) (curse)
rCold  . . .     Gourm    .     h - +0 ring mail
rNeg   . . .     Faith    .     (shield currently unavailable)
rPois  .         Spirit   .     (helmet restricted)
rElec  .         Reflect  .     t - +0 cloak
rCorr  .         Harm     .     q - +1 pair of gloves
MR     .....                    f - +0 pair of boots
Stlth  ..........               (no amulet)
                                (no ring)
                                (no ring)

@: confused
A: retaliatory headbutt, horns 2
a: Curse Item, Scrying, Renounce Religion


You were on level 6 of the Dungeon.
You worshipped Ashenzari.
Ashenzari was aware of your devotion.
You were not hungry.

You visited 2 branches of the dungeon, and saw 7 of its levels.

You collected 236 gold pieces.

Inventory:

Hand Weapons
 s - a cursed +3 quarterstaff of chaos (weapon)
Armour
 f - a +0 pair of boots (worn)
 h - a +0 ring mail (worn)
 k - a +2 shield
 q - a +1 pair of gloves (worn)
 t - a +0 cloak (worn)
Jewellery
 y - a +3 ring of protection
Wands
 l - a wand of confusion (14/48)
 n - a wand of slowing (18/48)
Scrolls
 i - 2 scrolls of teleportation
 m - 2 scrolls of amnesia
 o - a scroll of blinking
 x - a scroll of immolation {unknown}
 D - a scroll of magic mapping
Potions
 a - a potion of heal wounds {unknown}
 b - a potion of ambrosia
 e - 2 potions of haste
 g - a potion of cure mutation
 r - a potion of flight {unknown}
 v - a potion of lignification {unknown}
 w - a potion of magic {unknown}
 z - a potion of might {unknown}
 A - a potion of agility {unknown}
 B - a potion of cancellation {unknown}
Books
 c - a book of Battle

   Spells                             Type                      Level
   a - Infusion                       Charms                       1
   b - Shroud of Golubria             Charms/Translocation         2
   c - Song of Slaying                Charms                       2
   d - Spectral Weapon                Hexes/Charms                 3
   e - Regeneration                   Charms/Necromancy            3
Comestibles
 d - 8 bread rations
 j - 2 slices of pizza
 p - 5 fruits
 u - 2 beef jerkies


   Skills:
 - Level 2.4 Fighting
   Level 5.2 Axes
 + Level 5.6 Staves
 + Level 7.5 Armour
 - Level 1.1 Dodging
 - Level 1.3 Spellcasting
 - Level 4.1 Charms
 + Level 2.1 Necromancy


You had 6 spell levels left.
You knew the following spells:

 Your Spells              Type           Power        Failure   Level  Hunger
b - Regeneration          Chrm/Necr      #.........   41%         3    ####...


Dungeon Overview and Level Annotations

Branches:
Dungeon (6/15)             Temple (1/1) D:4

Altars:
Ashenzari
Cheibriados
Dithmenos
Elyvilon
Fedhas
Gozag
Hepliaklqana
Kikubaaqudgha
Makhleb
Nemelex Xobeh
Okawaru
Qazlal
Ru
Sif Muna
Trog
Uskayaw
Vehumet
Xom
Yredelemnul
Zin
The Shining One


Innate Abilities, Weirdness & Mutations

You reflexively headbutt those who attack you in melee.
You have a pair of horns on your head.


Message History

The orc shouts!
The orc wizard gestures wildly while chanting.
The orc wizard flickers and vanishes!
Deactivating autopickup; reactivate with Ctrl-A.
The orc priest calls down the wrath of Beogh upon you.
Beogh smites you!
Found 3 scrolls of remove curse.
You can't unwield your weapon to draw a new one!
Unknown command.
You are confused.
You feel invigorated.
The orc warrior hits you with a battleaxe!!
* * * LOW HITPOINT WARNING * * *
You closely miss the orc warrior. Your headbutt misses the orc warrior.
The orc warrior hits you with a battleaxe!!
* * * LOW HITPOINT WARNING * * *
You bump into the rock wall.
The orc priest invokes the aid of Beogh against you.
Beogh smites you!
You die...

...............
.#...##.#.#####
..........# #
######.### # ###
##.#.## # ..#
#.###.# # # #.#
##.#†## #. #.#
#..## #..# #@#
#.## ..... #o#
#.# ......#o# #.#
#..o...{#######.#
##?##..)........#
#.##############
#.# #.# #.#


You could see an orc warrior and an orc priest.

Vanquished Creatures
  The ghost of sveltemanboy the Purveyor of Pain, a novice DsNe of Kikubaaqudgha (D:5)
  The ghost of Philosophy the Shooter, an amateur CeHu (D:3)
  An ice beast (D:6)
  An ogre (D:6)
  2 centaurs
  A bullfrog (D:6)
  A howler monkey (D:5)
  A crimson imp (D:5)
  A bullfrog zombie (D:5)
  2 jellies
  2 hounds (D:5)
  6 orc wizards
  Crazy Yiuf (D:2)
  2 iguanas (D:5)
  2 worker ants (D:4)
  2 hound skeletons
  9 adders
  A shadow imp (D:5)
  An ooze (D:1)
  An adder skeleton (D:5)
  4 worms
  3 dart slugs
  3 leopard geckos
  14 orcs
  A ball python (D:3)
  A giant cockroach (D:3)
  5 goblins
  6 hobgoblins
  5 jackals
  9 kobolds
  10 bats
  3 frilled lizards
  A jackal skeleton (D:5)
  A quokka zombie (D:5)
  12 rats
117 creatures vanquished.

Notes
Turn   | Place    | Note
-------+----------+-------------------------------------------
     0 | D:1      | KristoblXynda the Minotaur Skald began the quest for the Orb.
     0 | D:1      | Reached XP level 1. HP: 18/18 MP: 1/1
   188 | D:1      | Reached XP level 2. HP: 20/25 MP: 3/3
   454 | D:1      | Reached skill level 2 in Armour
   854 | D:2      | Reached XP level 3. HP: 29/30 MP: 4/4
  1036 | D:2      | Found a shadowy altar of Dithmenos.
  1109 | D:2      | Gained mutation: Scrolls take you a little longer to read. [potion of mutation]
  1109 | D:2      | Gained mutation: You are frail. (-10% HP) [potion of mutation]
  1109 | D:2      | Gained mutation: You are very frail. (-20% HP) [potion of mutation]
  1110 | D:2      | Lost mutation: You are very frail. (-20% HP) [potion of cure mutation]
  1110 | D:2      | Lost mutation: Scrolls take you a little longer to read. [potion of cure mutation]
  1111 | D:2      | Lost mutation: You are frail. (-10% HP) [potion of cure mutation]
  1261 | D:2      | Reached XP level 4. HP: 37/37 MP: 5/5
  1357 | D:2      | Found a runed door.
  1361 | D:2      | Noticed Crazy Yiuf
  1365 | D:2      | Killed Crazy Yiuf
  1365 | D:2      | Reached skill level 3 in Armour
  1844 | D:3      | Found a sacrificial altar of Ru.
  1952 | D:3      | Reached XP level 5. HP: 42/42 MP: 6/6
  1968 | D:3      | Learned a level 3 spell: Regeneration
  1998 | D:3      | Noticed Philosophy's ghost (amateur CeHu)
  2006 | D:3      | Killed Philosophy's ghost
  2006 | D:3      | Reached skill level 4 in Armour
  2006 | D:3      | Reached XP level 6. HP: 48/50 MP: 7/7
  2109 | D:3      | Reached skill level 5 in Axes
  2593 | D:4      | Found a staircase to the Ecumenical Temple.
  2638 | Temple   | Entered the Ecumenical Temple
  2672 | Temple   | Became a worshipper of Ashenzari the Shackled
  2704 | D:4      | Reached skill level 5 in Armour
  2888 | D:4      | Reached skill level 1 in Staves
  2900 | D:4      | Reached XP level 7. HP: 43/56 MP: 8/8
  3199 | D:5      | Entered Level 5 of the Dungeon
  3427 | D:5      | Noticed sveltemanboy's ghost (novice DsNe)
  3437 | D:5      | Killed sveltemanboy's ghost
  3437 | D:5      | Reached skill level 6 in Armour
  3437 | D:5      | Reached XP level 8. HP: 47/62 MP: 9/9
  3709 | D:6      | Reached * piety under Ashenzari
  3713 | D:6      | Reached skill level 1 in Necromancy
  3930 | D:6      | Reached skill level 7 in Armour
  3941 | D:6      | Reached skill level 5 in Staves
  4257 | D:6      | Found a shimmering altar of Xom.
  4310 | D:6      | HP: 2/62 [orc warrior/battleaxe (20)]
  4311 | D:6      | Killed from afar by an orc priest

Vault maps used:
D:1:      dpeg_arrival_stone_temple_mockup, minmay_liquid_box, st_stairs_3
D:2:      minmay_wonky_spiral, nicolae_dithmenos_shadow_blocks,
          uniq_crazy_yiuf_cottage
D:3:      first_bread, minmay_misc_feat_pillars, nicolae_ru_sacrificial_ziggurat
D:6:      brannock_xom_greatest_gift
Temple:   nicolae_temple_the_god_donut

Skill      XL: |  1  2  3  4  5  6  7  8 |
---------------+-------------------------+-----
Armour         | 2 3 4 5 6 7 |  7.5
Axes           | 3 4 5 |  5.2
Charms         | 3 4 |  4.1
Staves         | 1 4 5 |  5.6
Necromancy     | 2 |  2.1
Fighting       | |  2.4
Dodging        | |  1.1
Spellcasting   | |  1.3

Action                   |  1- 3 |  4- 6 |  7- 9 || total
-------------------------+-------+-------+-------++-------
Melee: Hand axe          |   100 |       |       ||   100
       Headbutt          |    15 |    15 |    19 ||    49
       Trident           |     4 |     6 |       ||    10
       Quarterstaff      |       |    89 |   105 ||   194
Invok: Curse Item        |       |     1 |       ||     1
  Use: Scroll            |     6 |     7 |     3 ||    16
       Potion            |     3 |       |     1 ||     4
 Stab: Paralysed         |       |       |     2 ||     2
  Eat: Chunk             |     1 |       |     5 ||     6
       Meat ration       |       |     1 |       ||     1
Armor: Ring mail         |    46 |    48 |    45 ||   139
       Leather armour    |     2 |       |       ||     2
Dodge: Dodged            |    76 |    53 |    53 ||   182
